 Dungeon Crawl Stone Soup version 0.24-a0-463-g3510def36b (webtiles) character file.

Game seed: 17737301816897080685

131 Gildeon the Chopper (level 4, -1/41 HPs)
             Began as a Minotaur Fighter on July 3, 2019.
             Killed from afar by a white imp (4 damage)
             ... with a puff of frost
             ... summoned by Natasha
             ... on level 3 of the Dungeon.
             The game lasted 00:04:58 (2167 turns).

Gildeon the Chopper (Minotaur Fighter)              Turns: 2167, Time: 00:04:59

Health: -1/41      AC:  6    Str: 18 (21) XL:     4   Next: 91%
Magic:  3/3        EV:  7    Int:  2 (5)  God:
Gold:   56         SH:  9    Dex: 12 (15) Spells: 3/3 levels left

rFire    . . .     SeeInvis .   a - +0 war axe
rCold    . . .     Gourm    .   c - +0 shield
rNeg     . . .     Faith    .   b - +0 scale mail
rPois    .         Spirit   .   (helmet restricted)
rElec    .         Reflect  .   (no cloak)
rCorr    .         Harm     .   (no gloves)
MR       .....                  (no boots)
Stlth    ..........             i - amulet of magic regeneration
HPRegen  0.13/turn              e - +5 ring of dexterity
MPRegen  0.33/turn              (no ring)

@: no status effects
A: retaliatory headbutt, horns 2
a: no special abilities


You were on level 3 of the Dungeon.
You were not hungry.

You visited 1 branch of the dungeon, and saw 3 of its levels.

You collected 56 gold pieces.

Inventory:

Hand Weapons
 a - a +0 war axe (weapon)
 h - a +0 club
Armour
 b - a +0 scale mail (worn)
 c - a +0 shield (worn)
Jewellery
 e - a +5 ring of dexterity (left hand)
 i - an amulet of magic regeneration (around neck)
Scrolls
 k - a scroll of identify {unknown}
 l - 2 scrolls of enchant weapon {unknown}
 m - a scroll of enchant armour {unknown}
Potions
 d - a potion of might
 j - a potion of degeneration
 n - a potion of mutation {unknown}
 o - a potion of magic {unknown}
 p - a potion of lignification {unknown}
 q - a potion of flight {unknown}
Comestibles
 f - 4 rations
 g - 9 chunks of flesh


   Skills:
 + Level 4.5 Fighting
 * Level 4.8 Axes
 - Level 3.6 Armour
 + Level 4.6 Shields


You had 3 spell levels left.
You didn't know any spells.
Your spell library was empty.

Dungeon Overview and Level Annotations

Branches:
Dungeon (3/15)

Altars:

Annotations:
D:3 Natasha


Innate Abilities, Weirdness & Mutations

You reflexively headbutt those who attack you in melee.
You have a pair of horns on your head.


Message History

Natasha howls an incantation.
Natasha's front paws start to glow.
Natasha claws you.
* * * LOW HITPOINT WARNING * * *
It was a potion of degeneration.
There was something very wrong with that liquid.
You feel weakened.
You feel dopey.
You feel clumsy. The white imp gestures at you. The puff of frost misses you.
Natasha hisses.
Natasha claws you.
* * * LOW HITPOINT WARNING * * *
You miss Natasha.
Natasha is severely wounded.
You hit the white imp. The white imp closely misses you.
Natasha hisses.
You block Natasha's attack. The white imp gestures at you.
The puff of frost hits you.
You die...

... #. .. .. ....
#####≈ .... #.#.
#....≈≈≈.. . #...
......≈≈≈ ≈≈ #...
#.##.#.≈ ≈≈≈
#..h####.##.#.#...#.
#.b5@..............
#..#####.##..#...#
#. #.##<.#...# ..
#..÷÷÷#...# ##
#.........#
###.........#
........÷#.#....
#..........# ##.
#.#####.#..#


You could see Natasha, a white imp and a bat.

Vanquished Creatures
  Terence (D:2)
  2 adders
  An ooze (D:1)
  3 worms
  4 dart slugs
  A leopard gecko (D:1)
  A ball python (D:1)
  7 bats
  3 giant cockroaches (D:2)
  3 goblins
  7 hobgoblins
  14 jackals
  8 kobolds
  3 frilled lizards
  3 rats
61 creatures vanquished.

Notes
Turn   | Place    | Note
-------+----------+-------------------------------------------
     0 | D:1      | Gildeon the Minotaur Fighter began the quest for the Orb.
     0 | D:1      | Reached XP level 1. HP: 19/19 MP: 0/0
    60 | D:1      | Reached XP level 2. HP: 6/27 MP: 1/1
   501 | D:1      | Reached XP level 3. HP: 28/33 MP: 2/2
  1604 | D:2      | Reached XP level 4. HP: 31/40 MP: 3/3
  1877 | D:2      | Noticed Terence
  1885 | D:2      | Killed Terence
  2157 | D:3      | Noticed Natasha
  2167 | D:3      | Killed from afar by a white imp

Levels and vault maps discovered:
D:1:      dpeg_arrival_line_fractal, layout_basic, serial_glass,
          glass_columns_c, glass_columns_a, item_on_display_a,
          item_on_display_a, feat_on_display
D:2:      layout_basic, uniq_terence
D:3:      kennysheep_goblin_castle, layout_loops_ring, first_ration,
          gammafunk_ghost_gnarly_gnolls, nemelex_diamond_rough_becter,
          uniq_natasha, uniq_ijyb, uniq_grinder

Skill      XL: |  1  2  3 |
---------------+----------+-----
Axes           | 3 4 |  4.8
Shields        | 4 |  4.6
Fighting       | 4 |  4.5
Armour         | |  3.6

Action                   |  1- 3 |  4- 6 || total
-------------------------+-------+-------++-------
Melee: War axe           |    78 |    40 ||   118
       Headbutt          |     8 |     3 ||    11
  Use: Scroll            |     4 |       ||     4
       Potion            |       |     1 ||     1
  Eat: Chunk             |     2 |     2 ||     4
Armor: Scale mail        |    40 |    21 ||    61
Dodge: Dodged            |    30 |     9 ||    39
Block: Shield            |    56 |    30 ||    86

Table legend:
 A = Non-vault XP
 B = Vault XP
 C = Vault XP percentage of total XP
 D = Non-vault monster count
 E = Vault monster count
 F = Vault count percentage of total count
                 A         B        C        D         E       F
            +---------+---------+-------+---------+---------+-------
      Total |     152 |      36 |  19.1 |      60 |       1 |   1.6
            +---------+---------+-------+---------+---------+-------
        D:1 |      72 |       0 |   0.0 |      35 |       0 |   0.0
        D:2 |      45 |      36 |  44.4 |      14 |       1 |   6.7
        D:3 |      35 |       0 |   0.0 |      11 |       0 |   0.0
            +---------+---------+-------+---------+---------+-------
